 Dungeon Crawl Stone Soup version 0.30-a0-570-g486de37d69 (webtiles) character file.

Game seed: 13656642070311525602

368 Masnef the Shooter (level 6, -2/47 HPs)
             Began as a Barachi Hunter on Dec 29, 2022.
             Was an Initiate of Fedhas.
             Slain by Menkaure (16 damage)
             ... on level 5 of the Dungeon.
             The game lasted 00:07:46 (3065 turns).

Masnef the Shooter (Barachi Hunter)                 Turns: 3065, Time: 00:07:46

Health: -2/47      AC:  5    Str: 12    XL:     6   Next: 69%
Magic:  6/6        EV: 13    Int:  9    God:    Fedhas [......]
Gold:   2          SH:  0    Dex: 18    Spells: 5/5 levels left

rFire   + . .      SeeInvis .    a - +0 shortbow
rCold   . . .      Faith    .    (shield currently unavailable)
rNeg    . . .      Spirit   .    i - +0 leather armour {rF+}
rPois   +          Reflect  .    (no helmet)
rElec   .          Harm     .    p - +0 cloak
rCorr   .          Rampage  .    j - +0 pair of gloves
Will    +....                    (no boots)
Stlth   ++                       (no amulet)
HPRegen 0.27/turn                k - ring of poison resistance
MPRegen 0.10/turn                f - ring of willpower

@: mighty, about to teleport, slow
A: amphibious, slowness 1, strong legs 1, +LOS
a: Hop, Renounce Religion


You were on level 5 of the Dungeon.
You worshipped Fedhas.
Fedhas was noncommittal.
You visited 2 branches of the dungeon, and saw 6 of its levels.

You collected 199 gold pieces.
You spent 197 gold pieces at shops.

Inventory:

Hand Weapons
 a - a +0 shortbow (weapon)
 s - a +0 falchion
Armour
 c - a +0 leather armour
 i - a +0 leather armour of fire resistance (worn)
 j - a +0 pair of gloves (worn)
 p - a +0 cloak (worn)
Jewellery
 f - a ring of willpower (right hand)
 k - a ring of poison resistance (left hand)
Wands
 l - a wand of digging (4)
 y - a wand of polymorph (6)
Scrolls
 b - 3 scrolls of immolation
 d - a scroll of enchant weapon
 n - a scroll of fear
 t - 4 scrolls of blinking
 x - a scroll of enchant armour {unknown}
 z - a scroll of teleportation
Potions
 e - a potion of heal wounds
 g - a potion of attraction {unknown}
 h - 2 potions of brilliance
 m - a potion of haste
 o - 2 potions of lignification
 q - a potion of curing {unknown}
 r - 2 potions of magic {unknown}
 u - a potion of might
 v - a potion of flight {unknown}
 w - a potion of invisibility {unknown}


   Skills:
 + Level 3.1 Fighting
 + Level 7.3 Ranged Weapons
 * Level 3.1 Dodging
 - Level 0.8 Stealth


You had 5 spell levels left.
You didn't know any spells.
Your spell library was empty.

Dungeon Overview and Level Annotations

Branches:
Dungeon (5/15)             Temple (1/1) D:4

Altars:
Elyvilon
Fedhas
Hepliaklqana
Kikubaaqudgha
Wu Jian
Xom
The Shining One

Shops:
D:5 ?

Annotations:
D:3 2 runed translucent doors, Opifex's ghost, amateur DsFi
D:4 Sigmund
D:5 Blork the orc; Menkaure


Innate Abilities, Weirdness & Mutations

You are amphibious.
You cover ground slowly.
You can hop short distances.
You have an extended range of vision and can be seen from far away.


Message History

You shoot an arrow. The arrow completely misses Menkaure.
Menkaure hits you!
Fire: a) +0 shortbow
Press: ? - help, Q - select action, (/) - cycle Shift-Dir - straight line, f/p - Menkaure
Aim: Menkaure (fast, 78% to hit)
You shoot an arrow. The arrow hits Menkaure.
Menkaure is lightly damaged.
Menkaure gestures at you while chanting.
Pain shoots through your body! Menkaure barely misses you.
Fire: a) +0 shortbow
Press: ? - help, Q - select action, (/) - cycle Shift-Dir - straight line, f/p - Menkaure
Aim: Menkaure (lightly damaged, fast, 78% to hit)
You shoot an arrow. The arrow barely misses Menkaure.
Menkaure hits you.
Fire: a) +0 shortbow
Press: ? - help, Q - select action, (/) - cycle Shift-Dir - straight line, f/p - Menkaure
Aim: Menkaure (lightly damaged, fast, 78% to hit)
You shoot an arrow.
The arrow hits Menkaure but does no damage.
Menkaure is lightly damaged.
Menkaure casts a spell at you. Pain shoots through your body!
As you read the scroll of teleportation, it crumbles to dust.
You feel strangely unstable.
Menkaure calls on the powers of darkness!
Your body is wracked with pain!
* * * LOW HITPOINT WARNING * * *
Menkaure casts a spell at you. Pain shoots through your body!
* * * LOW HITPOINT WARNING * * *
You feel much better. Menkaure closely misses you.
It was a potion of might.
You feel very mighty all of a sudden.
Menkaure calls on the powers of darkness!
Your body is wracked with pain!
* * * LOW HITPOINT WARNING * * *
Okay, then.
Menkaure attacks as you move away! Menkaure hits you!
You die...
Fedhas appreciates your contribution to the ecosystem.

<# #.# #.#
.#########.# #.#
.........#.# #.###
.########### #...# .#
#⌠.(...## ###.# .# .#
#..≈≈≈..### #.# .# .#
#.≈≈≈≈≈...# #.# .#
.###∩≈≈≈≈≈...###.# .#
...#.≈≈≈≈≈....##@# .#
.###..≈≈≈.....##M# .#
.###⌠.....##..##.# .#
...##########....###.#
..## #..#####.....M.#
#.# #.......########
#.#####...###.#
..........# #.#
#.#####...###.#


You could see Menkaure (fast).

Vanquished Creatures
  A scorpion (D:5)
  A jelly (D:5)
  2 orc priests
  An orc wizard (D:5)
  An iguana (D:4)
  8 adders
  A gnoll (D:2)
  A white imp (D:5)
  A worm (D:2)
  2 dart slugs
  9 orcs
  2 bats
  3 endoplasms
  4 giant cockroaches
  5 goblins
  3 hobgoblins
  2 jackals (D:2)
  4 quokkas
  4 ball pythons
  5 frilled lizards
  9 kobolds
  7 rats
76 creatures vanquished.

Notes
Turn   | Place    | Note
-------+----------+-------------------------------------------
     0 | D:1      | Masnef the Barachi Hunter began the quest for the Orb.
     0 | D:1      | Reached XP level 1. HP: 17/17 MP: 1/1
    77 | D:1      | Reached XP level 2. HP: 18/23 MP: 2/2
   214 | D:1      | Found a faded altar of an unknown god.
   647 | D:2      | Reached XP level 3. HP: 28/28 MP: 3/3
   649 | D:2      | Reached skill level 5 in Ranged Weapons
  1178 | D:3      | Reached XP level 4. HP: 34/34 MP: 4/4
  1482 | D:3      | Found a large runed translucent door.
  1482 | D:3      | Found a large runed translucent door.
  1484 | D:3      | Noticed Opifex's ghost (amateur DsFi)
  1828 | D:4      | Reached skill level 6 in Ranged Weapons
  1878 | D:4      | Reached XP level 5. HP: 36/39 MP: 5/5
  2008 | D:4      | Noticed Sigmund
  2167 | D:4      | Found a staircase to the Ecumenical Temple.
  2174 | Temple   | Entered the Ecumenical Temple
  2205 | Temple   | Became a worshipper of Fedhas Madash
  2281 | D:5      | Entered Level 5 of the Dungeon
  2321 | D:5      | Reached XP level 6. HP: 12/46 MP: 6/6
  2522 | D:5      | Reached skill level 7 in Ranged Weapons
  2640 | D:5      | Noticed Blork the orc
  3028 | D:5      | Found Gaavyagu's Magic Scroll Shoppe.
  3037 | D:5      | Bought a scroll of blinking for 82 gold pieces
  3037 | D:5      | Bought a scroll of blinking for 82 gold pieces
  3037 | D:5      | Bought a scroll of teleportation for 33 gold pieces
  3051 | D:5      | Noticed Menkaure
  3062 | D:5      | HP: 2/47 [Menkaure/nerve-wracking pain (9)]
  3065 | D:5      | Slain by Menkaure

Illustrated notes

Levels and vault maps discovered:
D:1:      amcnicky_arrival_flooded_fountain, layout_rooms,
          hellmonk_ecumenical_altar_zigzags, minmay_heptomino_h4
D:2:      layout_basic, fountainhead, cheibrodos_gnoll_hut
D:3:      layout_basic, ebering_ghost_disaster_area
D:4:      layout_cave_pools, minmay_temple_entry_enclosed_plants,
          dilly_guarded_unrand_throatcut, uniq_sigmund
D:5:      layout_loops_ring, serial_shops, nicolae_lakefront_shop,
          corexii_leaking_fountain, uniq_menkaure, uniq_blork_the_orc
Temple:   nicolae_temple_superstar

Skill      XL: |  1  2  3  4  5  6 |
---------------+-------------------+-----
Ranged Weapons | 5 6 7 |  7.3
Fighting       | 3 |  3.1
Dodging        | 3 |  3.1
Stealth        | |  0.8

Action                   |  1- 3 |  4- 6 || total
-------------------------+-------+-------++-------
 Fire: Shortbow          |   108 |   153 ||   261
  Use: Scroll            |       |     9 ||     9
       Potion            |       |     2 ||     2
Armor: Leather armour    |    11 |    21 ||    32
Dodge: Dodged            |    21 |    45 ||    66

Table legend: (Time is in decaauts)
 A = Elapsed time spent in this place.
 B = Non-inter-level travel time spent in this place.
 C = Inter-level travel time spent in this place.
 D = Time resting spent in this place.
 E = Time spent auto-exploring this place.
 F = Levels seen in this place.
 G = Mean time per level.
                   A        B        C        D        E       F      G
               +--------+--------+--------+--------+--------+-----+--------+
         Total |   3596 |   3279 |    317 |      0 |   2626 |   6 |  599.3 |
       Dungeon |   3550 |   3250 |    300 |      0 |   2603 |   5 |  710.0 |
        Temple |     46 |     30 |     16 |      0 |     22 |   1 |   46.0 |
               +--------+--------+--------+--------+--------+-----+--------+

Top non-repeatable levels by time:
     D:3: 896 daAuts
     D:5: 856 daAuts
     D:2: 656 daAuts
     D:1: 597 daAuts
     D:4: 542 daAuts
  Temple: 46 daAuts
